 Dungeon Crawl Stone Soup version 0.20.1-1-g8b1a95d (webtiles) character file.

123 Jannitor the Ducker (level 4, 0/36 HPs)
             Began as a Spriggan Chaos Knight on Oct 4, 2017.
             Slain by Crazy Yiuf
             ... wielding a +4 quarterstaff of chaos
              (19 damage)
             ... on level 3 of the Dungeon.
             The game lasted 00:04:21 (2337 turns).

Jannitor the Ducker (Spriggan Chaos Knight)         Turns: 2337, Time: 00:04:22

Health: 0/36       AC: 22    Str:  9    XL:     4   Next: 80%
Magic:  5/5        EV:  4    Int: 18    God:    Xom [..*...]
Gold:   44         SH:  0    Dex: 15    Spells: 3/3 levels left

rFire    . . .     SeeInvis +   a - +0 short sword (chaos)
rCold    . . .     Gourm    .   (shield restricted)
rNeg     + + +     Faith    .   (armour currently unavailable)
rPois    +         Spirit   .   (helmet currently unavailable)
rElec    .         Reflect  .   (cloak currently unavailable)
rCorr    .         Harm     .   (gloves unavailable)
MR       .....     NoTele   +   (boots unavailable)
Stlth    ++........             (no amulet)
Regen    0.2/turn               (no ring)
MPRegen  0.1/turn               (no ring)

@: brilliant, tree-form
A: unfitting armour, see invisible, herbivore 3, slow metabolism 2
a: Renounce Religion


You were on level 3 of the Dungeon.
You worshipped Xom.
You were a toy of Xom.
You were not hungry.
You were a tree.
You visited 1 branch of the dungeon, and saw 3 of its levels.

You collected 44 gold pieces.

Inventory:

Hand Weapons
 a - a +0 short sword of chaos (weapon)
Missiles
 d - 54 arrows
Armour
 b - a +2 robe (melded)
Scrolls
 e - a scroll of enchant armour {unknown}
 g - a scroll of amnesia {unknown}
 i - 5 scrolls of identify {unknown}
 j - a scroll of teleportation {unknown}
 k - a scroll of remove curse {unknown}
Comestibles
 c - 3 bread rations
 f - 4 fruits


   Skills:
 + Level 3.2 Fighting
 + Level 4.1 Short Blades
 + Level 4.8 Dodging
 + Level 3.1 Stealth


You had 3 spell levels left.
You didn't know any spells.

Dungeon Overview and Level Annotations

Branches:
Dungeon (3/15)

Altars:
Ashenzari
Elyvilon
Fedhas
Qazlal

Annotations:
D:3 Crazy Yiuf; supermoro's ghost, weakling DrAE


Innate Abilities, Weirdness & Mutations

You are very small and have problems with some larger weapons.
You are too small for most types of armour.
You have supernaturally acute eyesight. (SInv)
You are a herbivore.
((You cover ground extremely quickly.))
You need consume almost no food.


Message History

Crazy Yiuf is lightly wounded.
Crazy Yiuf hits you with a quarterstaff of chaos.
You barely miss Crazy Yiuf.
Crazy Yiuf is lightly wounded.
Crazy Yiuf says, "Everyone has the same god; only people differ."
Crazy Yiuf hits you but does no damage.
You hit Crazy Yiuf. You burn Crazy Yiuf.
Crazy Yiuf is moderately wounded.
You closely miss Crazy Yiuf.
Crazy Yiuf is moderately wounded.
Crazy Yiuf hits you but does no damage.
You hit Crazy Yiuf but do no damage.
Crazy Yiuf is moderately wounded.
Crazy Yiuf hits you with a quarterstaff of chaos.
You barely miss Crazy Yiuf.
Crazy Yiuf is moderately wounded.
Crazy Yiuf hits you but does no damage.
You are electrocuted!
Ouch! That really hurt!
You die...
Xom chortles!

##### #)..#
#...# ...
#g# ♣♣♣♣
♣♣.♣ # ♣W♣♣
## ♣♣.♣ ##.
♣♣.♣♣
#####..
♣♣...♣
##......
♣....♣
#####.......
##..##
#...........
#....#
#.......


You could see Crazy Yiuf and supermoro's ghost.

Vanquished Creatures
  An orc priest (D:1)
  2 adders (D:2)
  2 oozes (D:2)
  A worm (D:2)
  A dart slug (D:1)
  A leopard gecko (D:3)
  9 orcs
  6 goblins
  3 hobgoblins (D:2)
  3 jackals (D:1)
  2 ball pythons
  5 bats
  2 frilled lizards
  7 kobolds
  9 rats
54 creatures vanquished.

Vanquished Creatures (others)
  4 fungi (D:3)
4 creatures vanquished.

Grand Total: 58 creatures vanquished

Notes
Turn   | Place    | Note
-------+----------+-------------------------------------------
     0 | D:1      | Jannitor the Spriggan Chaos Knight began the quest for the Orb.
     0 | D:1      | Reached XP level 1. HP: 11/11 MP: 2/2
   108 | D:1      | Reached XP level 2. HP: 16/16 MP: 3/3
   119 | D:1      | XOM: divination: detect creatures
   226 | D:1      | XOM: divination: detect creatures
   238 | D:1      | Reached skill level 1 in Stealth
   291 | D:1      | XOM: harmless Pois miscast
   667 | D:1      | XOM: silly message
   671 | D:1      | XOM: divination: magic mapping
   833 | D:2      | XOM: butterfly on damage
   912 | D:1      | XOM: potion effect (heal wounds)
   916 | D:1      | Reached XP level 3. HP: 15/19 MP: 4/4
  1227 | D:1      | XOM: harmless Tmut miscast
  1273 | D:2      | Found a white marble altar of Elyvilon.
  1309 | D:2      | XOM: harmless Fire miscast
  1314 | D:2      | Reached XP level 4. HP: 22/24 MP: 5/5
  1439 | D:2      | Found a stormy altar of Qazlal.
  1993 | D:3      | Found a blossoming altar of Fedhas.
  2010 | D:3      | XOM: divination: detect creatures
  2131 | D:3      | Noticed supermoro's ghost (weakling DrAE)
  2274 | D:3      | Found a shattered altar of Ashenzari.
  2279 | D:3      | XOM: enchant monster (good)
  2318 | D:3      | Found a runed door.
  2324 | D:3      | Noticed Crazy Yiuf
  2337 | D:3      | Slain by Crazy Yiuf

Skill      XL: |  1  2  3  4 |
---------------+-------------+-----
Stealth        | 2 3 |  3.1
Dodging        | 4 |  4.8
Fighting       | 3 |  3.2
Short Blades   | 4 |  4.1

Action                   |  1- 3 |  4- 6 || total
-------------------------+-------+-------++-------
Melee: Short sword       |    84 |   105 ||   189
  Use: Potion            |       |     2 ||     2
 Stab: Sleeping          |     3 |     4 ||     7
       Petrifying        |       |     1 ||     1
Armor: Robe              |     8 |     6 ||    14
       Skin              |       |     5 ||     5
Dodge: Dodged            |    68 |    73 ||   141
